[Event "Schack-SM 2024: Mastarklassen-elit"]
[Site "Fortnox Arena, Hejaregatan 5, Vaxjo, Sweden"]
[Date "2024.06.30"]
[Round "2.5"]
[White "Carlsson, Ludvig"]
[Black "Lundin, Jan"]
[Result "1-0"]
[TimeControl "90 minutes for 40 moves + 30 minutes for the rest of the game + 30 seconds per move from move one."]
[WhiteTitle "IM"]
[BlackTitle "FM"]
[WhiteElo "2335"]
[BlackElo "2246"]

1. e4 e6 2. d4 d5 3. Nd2 Nc6 4. Ngf3 Nf6 5. e5 Nd7 6. Be2 a5 7. Nf1 b6 8. Ng3 Ba6 9. Bxa6 Rxa6 10.
c3 Qc8 11. Ng5 h6 12. Nh3 Ne7 13. O-O g6 14. Nf4 Bg7 15. Be3 O-O 16. h4 Rd8 17. Qg4 Nf8 18. Nfh5 gxh5 19. Nxh5 Nfg6 20.
Nxg7 Kxg7 21. h5 Nf5 22. hxg6 fxg6 23. Qh3 Rh8 24. g4 Ne7 25. Kg2 Qf8 26. Rh1 g5 27. f4 Ng6 28. Raf1 gxf4 29.
Qh2 Qf7 30. Bxf4 Nxf4+ 31. Rxf4 Qg6 32. Rhf1 Raa8 33. Qh4 Rae8 34. Rf6 Qe4+ 35. Kh2 Rh7 36. R1f2 Kg8 37. Qh5 Rd8 38. Rxe6 Rg7 39.
Rxh6 Rh7 40. Qg5+ 1-0

[ePGN "0.1;DGT LiveChess/2.2.6"]

[Event "Schack-SM 2024: Mastarklassen-elit"]
[Site "Fortnox Arena, Hejaregatan 5, Vaxjo, Sweden"]
[Date "2024.06.29"]
[Round "1.1"]
[White "Thorn, Eric"]
[Black "Carlsson, Ludvig"]
[Result "1/2-1/2"]
[TimeControl "90 minutes for 40 moves + 30 minutes for the rest of the game + 30 seconds per move from move one."]
[WhiteTitle "FM"]
[BlackTitle "IM"]
[WhiteElo "2359"]
[BlackElo "2335"]

1. d4 Nf6 2. c4 g6 3. Nc3 d5 4. cxd5 Nxd5 5. e4 Nxc3 6. bxc3 Bg7 7. Nf3 c5 8. Bb5+ Nc6 9. O-O O-O 10.
Bxc6 bxc6 11. Qc2 cxd4 12. cxd4 Bg4 13. Ne5 Qxd4 14. Bb2 Qb6 15. Rab1 Bxe5 16. Bxe5 Qa5 17. Bc3 Qc5 18. Qb2 a5 19.
Bd4 Qc4 20. Rbc1 Qb4 21. Rxc6 Rfc8 22. Rcc1 Rxc1 23. Rxc1 Qxb2 24. Bxb2 Rc8 25. Rxc8+ Bxc8 1/2-1/2

[Event "Schack-SM 2024: Mastarklassen-elit"]
[Site "Fortnox Arena, Hejaregatan 5, Vaxjo, Sweden"]
[Date "2024.06.29"]
[Round "1.2"]
[White "Arman, Deniz"]
[Black "Crevatin, Leo"]
[Result "1/2-1/2"]
[TimeControl "90 minutes for 40 moves + 30 minutes for the rest of the game + 30 seconds per move from move one."]
[WhiteTitle "FM"]
[BlackTitle "FM"]
[WhiteElo "2343"]
[BlackElo "2235"]

1. e4 c6 2. d4 d5 3. e5 Bf5 4. h4 h6 5. g4 Be4 6. Rh3 e6 7. Rb3 b6 8. Nd2 Bh7 9. Ndf3 Ne7 10.
h5 Nd7 11. Be3 Rc8 12. Ba6 Rc7 13. Ne2 c5 14. c4 dxc4 15. Bxc4 cxd4 16. Qxd4 Nc6 17. Qf4 Na5 18. Bb5 Nxb3 19.
axb3 Be7 20. Qa4 O-O 21. g5 hxg5 22. h6 Qa8 23. Qg4 Qe4 24. Qg3 gxh6 25. Ned4 Nc5 26. Rd1 a6 27. Be2 Qg6 28.
Kf1 b5 29. Qg2 f5 30. exf6 Qxf6 31. Nh2 Be4 32. Qg3 Rd7 33. Ng4 Qg7 34. b4 h5 35. bxc5 hxg4 36. Nxe6 Rxd1+ 37. Bxd1 Qh6 38.
Bxg4 Re8 39. Qe5 Bd3+ 40. Kg1 Bf6 41. Qd5 Bc4 42. Qd7 Qg6 43. Bf5 Bxe6 44. Bxe6+ Kf8 45. Qd6+ Be7 46. Qxa6 Qb1+ 47.
Kh2 Qxb2 48. Bd7 Qe5+ 49. Kg1 Rd8 50. Bxb5 Rd1+ 51. Bf1 Ra1 52. Qh6+ Ke8 53. Qc6+ Kf8 54. Kg2 Re1 55. Qf3+ Qf6 56.
Qa8+ Kg7 57. Qd5 Rxe3 58. fxe3 Qf7 59. Qd4+ Bf6 60. Qe4 Qe7 61. Qc4 Qxe3 62. c6 Bd4 63. Qe2 Qxe2+ 64. Bxe2 Be5 65.
Bg4 1/2-1/2

[Event "Schack-SM 2024: Mastarklassen-elit"]
[Site "Fortnox Arena, Hejaregatan 5, Vaxjo, Sweden"]
[Date "2024.06.29"]
[Round "1.3"]
[White "Akesson, Ralf"]
[Black "Sorensen, Hampus"]
[Result "1/2-1/2"]
[TimeControl "90 minutes for 40 moves + 30 minutes for the rest of the game + 30 seconds per move from move one."]
[WhiteTitle "GM"]
[BlackTitle "IM"]
[WhiteElo "2360"]
[BlackElo "2404"]

1. d4 d5 2. c4 c6 3. Nf3 Nf6 4. e3 e6 5. Nc3 Nbd7 6. Qc2 Bd6 7. Be2 O-O 8. b3 b6 9. O-O Bb7 10.
Bb2 Qe7 11. Rad1 Rad8 12. Rfe1 Rfe8 13. h3 Bb8 14. e4 Nxe4 15. Nxe4 dxe4 16. Qxe4 Nf8 17. Qe3 Ng6 18. Bf1 Qc7 19.
g3 Re7 20. h4 f5 21. h5 Nf8 22. Ne5 Nd7 23. Nd3 Nf6 24. Nf4 Qc8 25. Be2 Rde8 26. Bf3 Ng4 27. Bxg4 fxg4 28. h6 c5 29.
d5 e5 30. Nh5 Qf5 31. Nxg7 Rxg7 32. hxg7 Qh5 33. Bc1 Kxg7 34. Qg5+ Qxg5 35. Bxg5 Bd6 36. Bd2 Bc8 37. Bc3 Kg6 38.
Re3 Bf5 39. Kg2 h5 40. Rde1 e4 41. Rh1 Be7 42. Rd1 Bd6 43. Kf1 Re7 44. Ke2 Rh7 45. Rh1 Rb7 46. Kd2 Rc7 47. Kc2 Rh7 48.
a3 Rc7 49. Rb1 Rh7 50. Rh1 Rc7 51. Rb1 1/2-1/2

[Event "Schack-SM 2024: Mastarklassen-elit"]
[Site "Fortnox Arena, Hejaregatan 5, Vaxjo, Sweden"]
[Date "2024.06.29"]
[Round "1.4"]
[White "Cederstam, Carl"]
[Black "Olsson, William"]
[Result "0-1"]
[TimeControl "90 minutes for 40 moves + 30 minutes for the rest of the game + 30 seconds per move from move one."]
[WhiteTitle "FM"]
[BlackTitle "IM"]
[WhiteElo "2278"]
[BlackElo "2363"]

1. d4 d5 2. c4 c6 3. Nc3 Nf6 4. e3 e6 5. Nf3 Nbd7 6. Bd3 dxc4 7. Bxc4 b5 8. Bd3 Bb7 9. e4 b4 10.
Na4 c5 11. e5 Nd5 12. O-O h6 13. Re1 Be7 14. Bd2 Rc8 15. Rc1 Qa5 16. a3 O-O 17. Nxc5 Nxc5 18. dxc5 Bxc5 19. Qe2 Qb6 20.
Rxc5 Qxc5 21. Qe4 Rfd8 22. Qh7+ Kf8 23. Re4 bxa3 24.
bxa3 Ke7 25. Rb4 Nxb4 26. Bxb4 Qxb4 27. axb4 Rc1+ 28. Bf1 Rdd1 29. h3 Rxf1+ 30. Kh2 Bxf3 31. gxf3 g5 32. f4 Rxf2+ 33. Kg3 Rxf4 34. Qxh6 Rc3+ 35. Kg2 Rf5 36. Qh8 Re3 37. Qb8 Rexe5 38. Qxa7+ Kf8 39. Qd4 Kg8 40. Kg3 Rd5 41. Qc3 Kh7 42.
Kg4 Kg6 43. h4 gxh4 44. Qc2 Rd4+ 45. Kh3 Rxb4 46. Qg2+ Kh7 47. Qc2 Rbf4 48. Qb1 e5 49. Qc2 Rf3+ 50. Kg4 Kh6 51. Qc6+ Rf6 52.
Qa6 R3f4+ 0-1

[Event "Schack-SM 2024: Mastarklassen-elit"]
[Site "Fortnox Arena, Hejaregatan 5, Vaxjo, Sweden"]
[Date "2024.06.29"]
[Round "1.5"]
[White "Wiedenkeller, Michael"]
[Black "Lundin, Jan"]
[Result "1-0"]
[TimeControl "90 minutes for 40 moves + 30 minutes for the rest of the game + 30 seconds per move from move one."]
[WhiteTitle "IM"]
[BlackTitle "FM"]
[WhiteElo "2417"]
[BlackElo "2246"]

1. d4 f5 2. Nc3 Nf6 3. Bg5 d5 4. Bxf6 exf6 5. e3 Be6 6. Bd3 Nc6 7. Nge2 Qd7 8. Nf4 O-O-O 9. a3 Kb8 10.
Qf3 Bf7 11. h3 h5 12. O-O-O h4 13. Nfe2 Ne7 14. g4 g5 15. Qg2 Be6 16. Rdg1 Nc6 17. Kb1 Na5 18. f3 c5 19. gxf5 Bxf5 20. Bxf5 Qxf5 21. e4 dxe4 22. fxe4 Qe6 23. Rd1 Nc4 24.
Nd5 Rxd5 25. exd5 Qb6 26. b3 Nxa3+ 27. Kc1 c4 28. Qf3 Bd6 29. Kd2 Qa5+ 30. Ke3 f5 31. Kf2 g4 32. hxg4 fxg4 33.
Qe4 Rf8+ 34. Kg1 Qd8 35. Nc3 Qf6 36. Qe2 Bg3 37. Ne4 Qf4 38. Rf1 Qxf1+ 39. Qxf1 Rxf1+ 40. Kxf1 Nxc2 41. bxc4 Ne3+ 42. Ke2 Nf5 43. Kd3 h3 44.
Nf6 Nh6 45. c5 Bh4 46. Nd7+ Kc8 47. Ne5 Bg3 48. Ke4 Kd8 49. d6 Ke8 50. Kd5 h2 51. Ke6 Bf4 52. c6 Bxe5 53. c7 1-0